 Dungeon Crawl Stone Soup version 0.14-a0-817-g3f7b0b1 (webtiles) character file.

110 4tharraofdagon the Slasher (level 3, 1/27 HPs)
             Began as a Djinni Gladiator on Nov 12, 2013.
             Quit the game on Level 4 of the Dungeon.
             The game lasted 00:01:55 (313 turns).

4tharraofdagon the Slasher (Djinni Gladiator)        Turns: 313, Time: 00:01:55

HP   1/27        AC  4     Str 15 (16) XL: 3   Next: 85%
MP   0/0         EV 12     Int  8      God:
Gold 48          SH  0     Dex 13      Spells:  0 memorised,  2 levels left

Res.Fire  : + + +   See Invis. : +   a - +0 falchion
Res.Cold  : x . .   Warding    : .   b - +0 leather armour
Life Prot.: + + +   Conserve   : .   (no shield)
Res.Poison: .       Res.Corr.  : .   c - +0 helmet
Res.Elec. : .       Clarity    : .   (no cloak)
Sust.Abil.: . .     Spirit.Shd : .   (no gloves)
Res.Mut.  : .       Stasis     : .   (boots unavailable)
Res.Rott. : .       Flight     : +   (no amulet)
Saprovore : . . .                    (no ring)
                                     f - ring of see invisible {unknown}

@: flying, not resistant to hostile enchantments, unstealthy
A: fire immunity, cold vulnerability, life protection 3
a: no special abilities


You were on level 4 of the Dungeon.
You were not hungry.

You visited 1 branch of the dungeon, and saw 4 of its levels.

You collected 48 gold pieces.

Inventory:

Hand weapons
 a - a +0,+0 falchion (weapon)
Armour
 b - a +0 leather armour (worn)
 c - a +0 helmet (worn)
Scrolls
 e - a scroll of identify {unknown}
 g - a scroll of curse armour {unknown}
 i - a scroll of remove curse {unknown}
 j - a scroll of recharging {unknown}
 k - a scroll of teleportation {unknown}
Jewellery
 f - a ring of see invisible (left hand) {unknown}
Carrion
 d - a hound corpse


   Skills:
 + Level 2.4 Fighting
 * Level 4.0 Long Blades
 - Level 1.7 Throwing
 + Level 1.5 Armour
 - Level 2.6 Dodging


You had 2 spell levels left.
You didn't know any spells.

Dungeon Overview and Level Annotations

Branches:
Dungeon (4/27)
 Temple: D:4-7

Altars:


Innate Abilities, Weirdness & Mutations

You are immune to all types of fire, even holy and hellish.
You are vulnerable to cold.
You need no food.
You have no legs.
You are immune to negative energy.


Message History

The bat barely misses you. The bat hits you but does no damage.
Unknown command.
You hit the bat.
You kill the bat!
Unknown command.
You hit the jackal.
The jackal is almost dead.
The jackal completely misses you. The giant eyeball stares at you.
You suddenly lose the ability to move!
The jackal bites you.
* * * LOW HITPOINT WARNING * * *
The jackal bites you but does no damage.
You can move again.
Unknown command.
d - a hound corpse The jackal bites you.
* * * LOW HITPOINT WARNING * * *
Unknown command.
Unknown command.
You aren't carrying any potions.
Are you sure you want to abandon this character and quit the game? (Confirm with "yes".) l

..... #........#
#[.......## ...........
. ........... ...
#.##.......
$(....######.##.....#.#
.......G@hSga..........
..#...######r...........
#. #########.#.....#
.#.........#.....#
.....$...a........
.#.........#.....#
..............###.
.#(....r.<.###
####.#.##.#


You could see a giant eyeball, a worker ant, an adder, a quokka, a jackal and a
hobgoblin.

Vanquished Creatures
  A hound (D:4)
  An adder (D:2)
  4 orcs (D:3)
  2 ball pythons (D:1)
  A giant cockroach (D:1)
  2 hobgoblins
  5 jackals
  2 bats (D:4)
  A giant gecko (D:4)
  A giant newt (D:1)
  A goblin (D:1)
  2 kobolds (D:1)
  2 rats
25 creatures vanquished.

Notes
Turn   | Place    | Note
--------------------------------------------------------------
     0 | D:1      | 4tharraofdagon, the Djinni Gladiator, began the quest for the Orb.
     0 | D:1      | Reached XP level 1. HP: 15/15 MP: 0/0
    80 | D:1      | Reached XP level 2. EP: 8/21
   224 | D:3      | Reached skill level 1 in Armour
   228 | D:3      | Reached XP level 3. EP: 23/27
   290 | D:4      | Paralysed by a giant eyeball for 3 turns
   296 | D:4      | Reached skill level 4 in Long Blades
   296 | D:4      | Paralysed by a giant eyeball for 3 turns
   302 | D:4      | Paralysed by a giant eyeball for 2 turns
   303 | D:4      | HP: 1/27 [giant gecko (3)]
   309 | D:4      | Paralysed by a giant eyeball for 3 turns
   312 | D:4      | HP: 1/27 [jackal (1)]
   313 | D:4      | Quit the game

Action                   || total
-------------------------++-------
Melee: Falchion          ||    75
Throw: Throwing net      ||     6
  Use: Potion            ||     2
 Stab: Held in net/web   ||     3
